[Event "Titled Tuesday Blitz July 27 2021"]
[White "Ginzburg, Yakov"]
[Black "Ladan, Nicholas"]
[WhiteFideId "4157176"]
[BlackFideId "30918855"]
[WhiteElo "2276"]
[BlackElo "2340"]
[Result "0-1"]
[Round "11"]
[TimeControl "180+1"]
[Date "2021.07.27"]
[WhiteClock "0:00:58"]
[BlackClock "0:00:27"]

1. d4 d5 2. Nf3 Nf6 3. c4 c6 4. Nc3 e6 5. g3 dxc4 6. Bg2 b5 7. Ne5 Nd5 8. O-O Bb7 9. e4 Nxc3 10. bxc3 Nd7 11. f4 Be7 12. Bh3 O-O 13. Nxf7 Kxf7 14. Qh5+ Kg8 15. Bxe6+ Kh8 16. e5 b4 17. f5 bxc3 18. f6 Nxf6 19. exf6 Bxf6 20. Bf5 Bxd4+ 21. Kg2 c5+ 22. Kh3 Rxf5 23. Rxf5 Bc8 24. g4 Bxf5 25. Qxf5 c2 26. Bg5 Qc8 27. Rc1 Qxf5 28. gxf5 c3 29. Rxc2 Rb8 30. Re2 Kg8 31. Kg4 h6 32. Bf4 Rb2 33. Kf3 Rxe2 34. Kxe2 Kf7 35. Bb8 a6 36. Kd3 Kf6 0-1


[Site "https://www.chess.com"]

[Event "Titled Tuesday Blitz July 27 2021"]
[White "Goncalves, Ivan Mesquita V"]
[Black "Muradli, Mahammad"]
[WhiteFideId "2114224"]
[BlackFideId "13409301"]
[WhiteElo "2299"]
[BlackElo "2482"]
[Result "1-0"]
[Round "11"]
[TimeControl "180+1"]
[Date "2021.07.27"]
[WhiteClock "0:00:08"]
[BlackClock "0:00:04"]

1. d4 g6 2. e4 Bg7 3. Nc3 d6 4. f3 Nd7 5. Be3 a6 6. Qd2 b6 7. h4 h6 8. h5 g5 9. Nge2 e6 10. O-O-O Bb7 11. g3 Ne7 12. Bg2 f5 13. f4 g4 14. d5 exd5 15. exf5 Nxf5 16. Bxd5 Bxd5 17. Nxd5 O-O 18. Nd4 Nc5 19. Nxf5 Rxf5 20. Bxc5 bxc5 21. Qd3 Rf7 22. Ne3 Rb8 23. c3 Qd7 24. Rh4 Qa4 25. Qc4 Qe8 26. Nxg4 Kh8 27. Rh2 Re7 28. Rhd2 Qxh5 29. Nf2 Qf3 30. Qd3 Re3 31. Qd5 Bxc3 32. bxc3 Rxc3+ 33. Rc2 Qxf2 34. Qd2 Qxd2+ 35. Kxd2 Rxg3 36. Rc4 Rb2+ 37. Kc1 Rxa2 38. Kb1 Rgg2 39. Re1 Rgb2+ 40. Kc1 Ra1+ 41. Kxb2 Rxe1 42. Ra4 Rf1 43. Kc3 Rf3+ 44. Kd2 Kg7 45. Ke2 Rb3 46. Rxa6 Kf6 47. Rc6 Ke6 48. Rxc7 Kd5 49. Rh7 Kd4 50. Rxh6 d5 51. f5 Re3+ 52. Kf2 Re5 53. Rh4+ Kd3 54. Rf4 c4 55. f6 Re8 56. f7 Rf8 57. Ke1 d4 58. Kd1 Kc3 59. Rf3+ d3 60. Rf4 Ra8 61. Ke1 Kc2 62. Rxc4+ Kb3 63. Rf4 Kc2 64. Rc4+ Kb3 65. Rc7 Ra1+ 66. Kd2 Rf1 67. Kxd3 Kb4 68. Ke4 Kb5 69. Ke5 Kb6 70. Re7 Kc6 71. Ra7 Re1+ 72. Kf6 Rf1+ 73. Kg7 Rg1+ 74. Kf8 Rf1 75. Re7 Kd6 76. Ke8 1-0


[Site "https://www.chess.com"]

[Event "Titled Tuesday Blitz July 27 2021"]
[White "Grinblat, Dmitry"]
[Black "Dobrowolski, Piotr"]
[WhiteFideId "4163257"]
[BlackFideId "1106236"]
[WhiteElo "2463"]
[BlackElo "2304"]
[Result "1/2-1/2"]
[Round "11"]
[TimeControl "180+1"]
[Date "2021.07.27"]
[WhiteClock "0:00:31"]
[BlackClock "0:00:41"]

1. d4 e6 2. Nf3 c5 3. c4 cxd4 4. Nxd4 Nf6 5. Nc3 Nc6 6. Nc2 Qc7 7. g3 Ne5 8. b3 Qc6 9. f3 Bc5 10. Be3 O-O 11. Bg2 d5 12. cxd5 exd5 13. Bxc5 Qxc5 14. Qd4 Qxd4 15. Nxd4 Nc6 16. Rd1 Re8 17. Kf2 Be6 18. Ncb5 Nxd4 19. Nxd4 Rec8 20. Rc1 Kf8 21. Rhd1 a6 22. e3 Ke7 23. g4 Rxc1 24. Rxc1 Rc8 25. Rxc8 Bxc8 26. Bf1 Kd6 27. Bd3 h6 28. h4 Be6 29. Nf5+ Bxf5 30. Bxf5 g6 31. Bd3 Nd7 32. Ke2 Kc5 33. a3 a5 34. f4 Nf6 35. Kf3 Ne8 36. f5 gxf5 37. Bxf5 f6 38. Kf4 Nd6 39. Bd3 b6 40. Be2 b5 41. Bd3 b4 42. a4 Kc6 43. Bc2 Kc5 44. Bd3 Kc6 45. Bc2 Kc5 46. Bd3 1/2-1/2


[Site "https://www.chess.com"]

[Event "Titled Tuesday Blitz July 27 2021"]
[White "Gurevich, Dmitry"]
[Black "Sihite, Chelsie Monica Ignesias"]
[WhiteFideId "2000407"]
[BlackFideId "7101198"]
[WhiteElo "2506"]
[BlackElo "2224"]
[Result "0-1"]
[Round "11"]
[TimeControl "180+1"]
[Date "2021.07.27"]
[WhiteClock "0:00:05"]
[BlackClock "0:01:11"]

1. d4 d6 2. Nf3 Nf6 3. c4 g6 4. Nc3 c6 5. e4 Bg7 6. Be2 O-O 7. O-O Nbd7 8. Be3 Ng4 9. Bg5 h6 10. Bd2 c5 11. d5 Nge5 12. Ne1 Nb6 13. b3 f5 14. Rc1 f4 15. f3 g5 16. a4 a5 17. Nb5 Bd7 18. Bc3 Bxb5 19. cxb5 Nbd7 20. g4 b6 21. Ng2 Qe8 22. h3 Qg6 23. Kf2 h5 24. Rh1 Kf7 25. Ke1 Rh8 26. Kd2 Rh7 27. h4 Rah8 28. hxg5 Qxg5 29. Kc2 hxg4 30. Rxh7 Rxh7 31. fxg4 Ng6 32. Bxg7 Kxg7 33. Qf1 Nde5 34. Ne1 Rh2 35. Kb1 Qh4 36. Nf3 Nxf3 37. Qxf3 Ne5 38. Qxf4 Rxe2 39. Rf1 Re1+ 40. Rxe1 Qxe1+ 41. Kc2 Qe2+ 42. Kc3 Qd3+ 43. Kb2 Qd4+ 44. Ka2 c4 45. Qg5+ Ng6 46. Qf5 cxb3+ 47. Kxb3 Qb4+ 48. Kc2 Qxa4+ 49. Kd3 Qxb5+ 50. Ke3 Qb3+ 51. Kf2 Qb2+ 0-1


[Site "https://www.chess.com"]

[Event "Titled Tuesday Blitz July 27 2021"]
[White "Haitin, Ilja"]
[Black "Manukian, Artak"]
[WhiteFideId "4501764"]
[BlackFideId "13301373"]
[WhiteElo "2165"]
[BlackElo "2357"]
[Result "1-0"]
[Round "11"]
[TimeControl "180+1"]
[Date "2021.07.27"]
[WhiteClock "0:01:32"]
[BlackClock "0:01:15"]

1. d4 Nf6 2. c4 e6 3. Nf3 Bb4+ 4. Bd2 a5 5. g3 d5 6. a3 Bxd2+ 7. Nbxd2 b6 8. Bg2 Ba6 9. O-O Nbd7 10. cxd5 exd5 11. Ne5 O-O 12. Rc1 c5 13. Nxd7 Qxd7 14. dxc5 bxc5 15. Rxc5 h5 16. Re1 h4 17. Nf3 hxg3 18. hxg3 a4 19. Qd4 Rfe8 20. e3 Re4 21. Qd2 Bc4 22. Nd4 Re7 23. Rxc4 1-0


[Site "https://www.chess.com"]

[Event "Titled Tuesday Blitz July 27 2021"]
[White "Hansen, Eric"]
[Black "Dvirnyy, Danyyil"]
[WhiteFideId "2606771"]
[BlackFideId "817570"]
[WhiteElo "2568"]
[BlackElo "2531"]
[Result "0-1"]
[Round "11"]
[TimeControl "180+1"]
[Date "2021.07.27"]
[WhiteClock "0:00:17"]
[BlackClock "0:00:25"]

1. Nf3 d5 2. g3 Bg4 3. Bg2 c6 4. h3 Bh5 5. d3 Nd7 6. Nbd2 e6 7. b3 Bd6 8. Bb2 Ngf6 9. c4 Qe7 10. a3 O-O 11. O-O a5 12. Qc2 h6 13. Rfe1 Bg6 14. cxd5 exd5 15. e4 dxe4 16. dxe4 Rfe8 17. Nh4 Bh7 18. Nc4 Bc7 19. Rad1 Nc5 20. Nf5 Bxf5 21. exf5 Qxe1+ 22. Rxe1 Rxe1+ 23. Kh2 Rae8 24. Ne3 Nce4 25. Bxe4 Nxe4 26. Kg2 Bxg3 27. Bc3 Nxc3 28. Qxc3 Bxf2 29. Ng4 Bh4 30. f6 h5 31. Nh2 R8e2+ 0-1


[Site "https://www.chess.com"]

[Event "Titled Tuesday Blitz July 27 2021"]
[White "Indjic, Aleksandar"]
[Black "Moroni, Luca Jr"]
[WhiteFideId "911925"]
[BlackFideId "865834"]
[WhiteElo "2643"]
[BlackElo "2491"]
[Result "0-1"]
[Round "11"]
[TimeControl "180+1"]
[Date "2021.07.27"]
[WhiteClock "0:00:04"]
[BlackClock "0:00:06"]

1. d4 d5 2. Nf3 Nf6 3. c4 e6 4. Nc3 c6 5. Qb3 Nbd7 6. Bf4 a5 7. a3 a4 8. Qc2 Qa5 9. Nd2 Be7 10. h3 O-O 11. e3 b6 12. Bd3 Bb7 13. O-O h6 14. Rac1 Rfc8 15. cxd5 cxd5 16. Nf3 b5 17. Qe2 b4 18. Nb5 bxa3 19. bxa3 Ba6 20. Bc7 Nb6 21. Rc6 Nfd7 22. Rb1 Bd8 23. Ne5 Bxc7 24. Nxc7 Bxd3 25. Nxd3 Rab8 26. Nb4 Nc4 27. Rxc4 dxc4 28. Nca6 Qxa6 29. Nxa6 Rxb1+ 30. Kh2 c3 31. Qc2 Rb2 32. Qc1 c2 33. Nc5 Nxc5 34. dxc5 Rxc5 35. Qxb2 c1=Q 36. Qb8+ Rc8 37. Qf4 Qc7 0-1


[Site "https://www.chess.com"]

[Event "Titled Tuesday Blitz July 27 2021"]
[White "Iskusnyh, Sergei"]
[Black "Marchena Hurtado, Javier"]
[WhiteFideId "4120027"]
[BlackFideId "2271583"]
[WhiteElo "2492"]
[BlackElo "2106"]
[Result "1-0"]
[Round "11"]
[TimeControl "180+1"]
[Date "2021.07.27"]
[WhiteClock "0:00:03"]
[BlackClock "0:00:01"]

1. d4 Nf6 2. c4 g6 3. g3 Bg7 4. Bg2 O-O 5. Nc3 d6 6. Nf3 Nbd7 7. O-O e5 8. e4 exd4 9. Nxd4 Re8 10. h3 Nc5 11. Qc2 Nfxe4 12. Nxe4 Nxe4 13. Nb5 Nc5 14. Be3 Bf5 15. Qc1 Nd3 16. Qd2 Nxb2 17. Rac1 Be6 18. Bd5 c6 19. Bxe6 cxb5 20. Bd5 Nxc4 21. Qd3 Nxe3 22. fxe3 Rf8 23. Qxb5 Be5 24. Qxb7 Rb8 25. Qxa7 Qg5 26. g4 Qh4 27. Rf3 Kh8 28. Rcf1 Rb2 29. R1f2 Rxf2 30. Rxf2 Qg3+ 31. Bg2 Rc8 32. Qxf7 Rc1+ 33. Rf1 Qxe3+ 34. Kh1 Rxf1+ 35. Qxf1 Kg7 36. Qf3 Qe1+ 37. Bf1 Qd2 38. Qg2 Qa5 39. Qf2 Qa3 40. Bg2 Qc1+ 41. Qf1 Qc3 42. Bd5 Qg3 43. Qg2 Qe1+ 44. Qg1 Qe2 45. Bg2 Qd3 46. Qa7+ 1-0


[Site "https://www.chess.com"]

[Event "Titled Tuesday Blitz July 27 2021"]
[White "Ismagilov, Damir"]
[Black "Rustemov, Alexander"]
[WhiteFideId "34199982"]
[BlackFideId "4119002"]
[WhiteElo "2075"]
[BlackElo "2797"]
[Result "0-1"]
[Round "11"]
[TimeControl "180+1"]
[Date "2021.07.27"]
[WhiteClock "0:00:13"]
[BlackClock "0:00:11"]

1. d4 d5 2. c4 e6 3. Nc3 Be7 4. Nf3 Nf6 5. Bg5 O-O 6. e3 h6 7. Bh4 b6 8. Qc2 Bb7 9. Bxf6 Bxf6 10. cxd5 exd5 11. b4 c6 12. Rb1 Nd7 13. Bd3 a5 14. a3 b5 15. O-O Nb6 16. e4 axb4 17. axb4 dxe4 18. Bxe4 Nc4 19. Rbd1 Qd6 20. Nxb5 cxb5 21. Bxb7 Rab8 22. Be4 Qxb4 23. Rb1 Qd6 24. Qd3 Rfd8 25. Rfd1 Na3 26. Rb3 b4 27. g3 Nb5 28. d5 Nc3 29. Rf1 Nxe4 30. Qxe4 Qxd5 31. Qxd5 Rxd5 32. Rfb1 Be7 33. Kg2 Rc8 34. h4 h5 35. Re3 Bf8 36. Rbb3 g6 37. Ne5 Re8 38. Nc4 Rxe3 39. Nxe3 Rd2 40. Nc4 Rc2 41. Ne5 Bd6 42. Nd3 Rc3 43. Rxc3 bxc3 44. Kf3 c2 45. Ke2 Bb4 46. Nc1 Kg7 47. Kd3 Be1 48. Ke2 Ba5 49. Kd3 Bb6 50. Ke2 Kf6 51. Nd3 Kf5 52. f3 Bc7 53. Kf2 Bd6 54. Ke2 Bxg3 55. Kd2 Bxh4 56. Kxc2 Bg3 57. Kd1 h4 58. Ke2 h3 59. Kf1 g5 60. Kg1 Ke6 61. Kf1 f5 62. Kg1 Kd5 63. Nc1 Be5 64. Ne2 Kc4 65. f4 Bxf4 66. Kf2 Kd3 67. Ng1 Be3+ 68. Kg3 Bxg1 69. Kxh3 Be3 70. Kg2 Ke2 71. Kh1 f4 72. Kg2 f3+ 73. Kh1 f2 74. Kh2 Bf4+ 75. Kh3 f1=Q+ 76. Kg4 Qg2+ 77. Kf5 Be3 78. Kg6 Qf3 79. Kg7 g4 80. Kg8 g3 81. Kh7 g2 82. Kh8 g1=Q 83. Kh7 Qh3# 0-1


[Site "https://www.chess.com"]

[Event "Titled Tuesday Blitz July 27 2021"]
[White "Ivanov, Oleg"]
[Black "Krysa, Leandro"]
[WhiteFideId "4103114"]
[BlackFideId "116807"]
[WhiteElo "2782"]
[BlackElo "2490"]
[Result "0-1"]
[Round "11"]
[TimeControl "180+1"]
[Date "2021.07.27"]
[WhiteClock "0:00:04"]
[BlackClock "0:00:27"]

1. e4 c5 2. Nf3 e6 3. g3 Nc6 4. Bg2 Nf6 5. Qe2 e5 6. Nc3 Be7 7. Nd5 O-O 8. d3 Nxd5 9. exd5 Nd4 10. Nxd4 exd4 11. Bh3 Re8 12. O-O d6 13. Bxc8 Qxc8 14. Qf3 Bf6 15. Bf4 Be5 16. Rfe1 Qf5 17. Qe4 Qxe4 18. dxe4 c4 19. Bxe5 dxe5 20. a4 Kf8 21. a5 Ke7 22. Ra4 Rec8 23. Rb4 Rc7 24. Ra1 Kd6 25. Kf1 f5 26. f3 fxe4 27. fxe4 Rf8+ 28. Ke2 Rcf7 29. Re1 Kc5 30. c3 b5 31. axb6 axb6 32. Kd2 Rf2+ 33. Re2 d3 34. Rxf2 Rxf2+ 35. Ke3 Re2+ 36. Kf3 Rxe4 37. Kxe4 d2 0-1


[Site "https://www.chess.com"]

[Event "Titled Tuesday Blitz July 27 2021"]
[White "Kalashian, David"]
[Black "Gelman, Alexander"]
[WhiteFideId "13302418"]
[BlackFideId "4118316"]
[WhiteElo "2490"]
[BlackElo "2375"]
[Result "0-1"]
[Round "11"]
[TimeControl "180+1"]
[Date "2021.07.27"]
[WhiteClock "0:00:10"]
[BlackClock "0:00:04"]

1. e4 b6 2. d4 Bb7 3. Nc3 e6 4. Nf3 Bb4 5. Bd3 Nf6 6. Qe2 d5 7. exd5 Qxd5 8. O-O Bxc3 9. bxc3 O-O 10. Bg5 Nbd7 11. c4 Qa5 12. Ne5 h6 13. Bd2 Qa3 14. Rab1 Qe7 15. f4 c5 16. c3 Rad8 17. Be3 Be4 18. Bxe4 Nxe4 19. Qc2 Nd6 20. Nc6 Qf6 21. Nxd8 Rxd8 22. dxc5 Nf5 23. Bf2 Nxc5 24. Rbd1 Rc8 25. g4 Nh4 26. Bd4 Qe7 27. Rde1 Qb7 28. Qf2 Ng6 29. Qf3 Qd7 30. f5 Nf8 31. Qe3 exf5 32. gxf5 Nh7 33. f6 g5 34. Bxc5 bxc5 35. Rd1 Qg4+ 36. Qg3 Qxc4 37. Rd7 Nf8 38. Re7 Rd8 39. h4 Rd3 40. Re3 Rxe3 41. Qxe3 Qxh4 42. Qf2 Qg4+ 43. Qg2 Qh4 44. Qf3 Ne6 45. Qa8+ Kh7 46. Qe4+ Qxe4 0-1


[Site "https://www.chess.com"]

[Event "Titled Tuesday Blitz July 27 2021"]
[White "Karttunen, Mika"]
[Black "Solon, Nathan"]
[WhiteFideId "502081"]
[BlackFideId "2017229"]
[WhiteElo "2343"]
[BlackElo "2629"]
[Result "1-0"]
[Round "11"]
[TimeControl "180+1"]
[Date "2021.07.27"]
[WhiteClock "0:00:05"]
[BlackClock "0:00:04"]

1. e4 c5 2. Nf3 d6 3. d4 cxd4 4. Nxd4 Nf6 5. Nc3 a6 6. f3 e5 7. Nb3 Be7 8. Be3 Be6 9. Qd2 h5 10. O-O-O Nbd7 11. Nd5 Nxd5 12. exd5 Bf5 13. Bd3 Bxd3 14. Qxd3 Bg5 15. g3 Bxe3+ 16. Qxe3 Rc8 17. Kb1 O-O 18. Rhe1 Qc7 19. c3 a5 20. Nd2 f5 21. Qg5 a4 22. a3 Nb6 23. Qxh5 Nxd5 24. c4 Nb6 25. Rc1 Qf7 26. Qxf7+ Rxf7 27. c5 dxc5 28. Rxe5 Nd7 29. Rd5 Re7 30. Nc4 Rc6 31. Nd6 Nf6 32. Rdd1 g6 33. Nb5 Re2 34. Rc2 Rce6 35. Nc3 R2e3 36. Nxa4 Rxf3 37. Nxc5 Re7 38. Rcd2 Kf7 39. Nd3 Ne4 40. Rc2 Kg7 41. Nf4 Rb3 42. Nd5 Rf7 43. Ka2 Rf3 44. Nf4 g5 45. Ne6+ Kf6 46. Nd4 Re3 47. Nb5 f4 48. Nd6 Re7 49. Nxe4+ R3xe4 50. gxf4 gxf4 51. Rf1 Kf5 52. Rff2 Kg4 53. Rg2+ Kf5 54. Rc5+ R4e5 55. Rc3 Re3 56. Rcc2 f3 57. Rg8 Re2 58. Rf8+ Ke4 59. Rc4+ Ke3 60. Rcf4 f2 61. h4 Re4 62. Rf3+ Kd2 63. Rxf2 Rxh4 64. Rxe2+ Kxe2 65. Rf7 Rh7 66. Rxh7 1-0


[Site "https://www.chess.com"]

[Event "Titled Tuesday Blitz July 27 2021"]
[White "Karwowski, Kacper"]
[Black "Ogloblin, Nikolay"]
[WhiteFideId "1126032"]
[BlackFideId "4139658"]
[WhiteElo "2162"]
[BlackElo "2244"]
[Result "0-1"]
[Round "11"]
[TimeControl "180+1"]
[Date "2021.07.27"]
[WhiteClock "0:00:02"]
[BlackClock "0:00:45"]

1. h4 d5 2. Nf3 Bg4 3. e3 Nd7 4. b3 e5 5. Be2 Bd6 6. Bb2 Ngf6 7. Ng5 Bxe2 8. Qxe2 h6 9. Nh3 Qe7 10. Nc3 c6 11. g4 O-O-O 12. a4 Kb8 13. Rg1 Nc5 14. f3 Nfd7 15. h5 Qh4+ 16. Nf2 Rhe8 17. O-O-O Ne6 18. Kb1 Qe7 19. Ka2 f6 20. Nh1 d4 21. Ne4 Nec5 22. Nhg3 Nxe4 23. fxe4 dxe3 24. Nf5 Qf8 25. dxe3 Bc7 26. Qc4 Nb6 27. Qc3 Qf7 28. Kb1 Nc8 29. Ba3 Rxd1+ 30. Rxd1 Rd8 31. Rxd8 Bxd8 32. Qc4 Qxc4 33. bxc4 Nb6 34. c5 Nxa4 35. Bb4 a5 36. Be1 Nxc5 37. Nxg7 Nxe4 38. Nf5 Bb6 39. Nxh6 Bxe3 40. Nf5 Bb6 41. Bh4 Bd8 42. h6 Ng5 43. Bxg5 fxg5 44. h7 Bf6 45. Nd6 Kc7 46. Nf7 e4 47. h8=Q Bxh8 48. Nxh8 e3 49. Kc1 a4 50. Nf7 e2 51. Kd2 a3 52. Nxg5 a2 53. Kxe2 a1=Q 54. Ne4 Qe5 55. Kd3 Qf4 56. g5 Qf5 57. Kd4 Kd7 58. c4 b6 59. Nf6+ Ke6 60. Ne4 Qe5+ 61. Kd3 Kf5 62. Nc3 Qd6+ 63. Kc2 Qh2+ 64. Kb3 Kxg5 65. Na4 Qg3+ 66. Kb4 Qe3 67. Nc3 Qc5+ 68. Kb3 Kf5 69. Na4 Qe3+ 70. Kb4 Ke6 71. Nc3 Qc5+ 72. Kb3 Kd7 73. Na4 Qe3+ 74. Nc3 Kc7 75. Kb4 Qc5+ 76. Kb3 b5 77. cxb5 cxb5 78. Na2 Qc4+ 79. Kb2 Kb6 80. Nc3 Qd4 81. Kb3 Qc4+ 82. Kb2 b4 83. Na2 Kb5 84. Nc1 Qd4+ 85. Kb3 Qc3+ 86. Ka2 Qc2+ 87. Ka1 Qxc1+ 88. Ka2 Qc2+ 89. Ka1 Qa4+ 90. Kb2 Kc4 91. Kc1 Qa2 92. Kd1 Kd3 93. Ke1 Qe2# 0-1


[Site "https://www.chess.com"]

[Event "Titled Tuesday Blitz July 27 2021"]
[White "Katzir, Moshe"]
[Black "Sliwicki, Damian"]
[WhiteFideId "2802260"]
[BlackFideId "1127128"]
[WhiteElo "2119"]
[BlackElo "2149"]
[Result "0-1"]
[Round "11"]
[TimeControl "180+1"]
[Date "2021.07.27"]
[WhiteClock "0:00:01"]
[BlackClock "0:00:12"]

1. e4 c5 2. Nf3 g6 3. d4 cxd4 4. Nxd4 Nc6 5. Nb3 Bg7 6. Nc3 d6 7. Bd3 Nf6 8. O-O O-O 9. Bg5 Be6 10. Re1 a5 11. Bf1 a4 12. Nd4 Nxd4 13. Qxd4 Qa5 14. Qd2 Rfc8 15. a3 Rxc3 16. bxc3 Nd7 17. Bxe7 Bxc3 18. Qd1 Bxe1 19. Qxe1 Qxe1 20. Rxe1 d5 21. exd5 Bxd5 22. Bb4 Bc6 23. Bc4 Nb6 24. Ba2 Bd5 25. Bb1 Rc8 26. c3 Be6 27. Be4 Nd5 28. Rc1 Nxb4 29. axb4 a3 30. Bxb7 Rc7 31. Be4 a2 32. b5 Rxc3 33. Ra1 Rc4 34. Bd3 Rb4 35. Kf1 Bc4 36. Ke2 Rb2+ 37. Ke3 Rb3 38. Kd4 Bxd3 39. Rxa2 Bxb5 40. Kc5 Bd7 41. Ra8+ Kg7 42. Ra7 Be6 43. Re7 Rb2 44. Kd4 Rxf2 45. g4 Rxh2 46. g5 Rg2 47. Kc5 Rxg5+ 48. Kd6 Rf5 49. Kc6 h5 50. Ra7 Rf6 51. Ra3 h4 52. Kd6 h3 0-1


[Site "https://www.chess.com"]

[Event "Titled Tuesday Blitz July 27 2021"]
[White "Khusnutdinov, Rustam"]
[Black "Mirzoev, Azer"]
[WhiteFideId "13701703"]
[BlackFideId "13400304"]
[WhiteElo "2571"]
[BlackElo "2525"]
[Result "1/2-1/2"]
[Round "11"]
[TimeControl "180+1"]
[Date "2021.07.27"]
[WhiteClock "0:00:15"]
[BlackClock "0:00:26"]

1. e4 e5 2. Nf3 Nc6 3. Nc3 Nf6 4. Be2 Bb4 5. Nd5 Bc5 6. d3 h6 7. O-O O-O 8. c3 Re8 9. b3 Bf8 10. h3 Nxd5 11. exd5 Ne7 12. c4 Ng6 13. Be3 c6 14. dxc6 dxc6 15. d4 e4 16. Ne5 Nxe5 17. dxe5 Qxd1 18. Raxd1 g5 19. Rd4 Bf5 20. g4 Bg6 21. Rd7 b6 22. Rfd1 Rxe5 23. Rc7 c5 24. Rdd7 a5 25. Rb7 Re6 26. Bf1 a4 27. bxa4 Rxa4 28. Rb8 Kg7 29. Rdd8 Bd6 30. Rg8+ Kf6 31. Kg2 Bf4 32. Ra8 Rxa8 33. Rxa8 Bxe3 34. fxe3 Rd6 35. Kf2 Rd2+ 36. Be2 Rb2 37. a4 h5 38. Ra6 Ke5 39. a5 bxa5 40. Rxa5 hxg4 41. hxg4 Kd6 42. Ra6+ Kc7 43. Ra5 Kc6 44. Ra6+ Kb7 45. Ra5 Kb6 46. Ra8 Rc2 47. Kf1 Rc3 48. Kf2 Rc2 49. Ke1 Kc7 50. Ra5 Kc6 51. Ra6+ Kb7 52. Ra5 Kb6 53. Ra8 Kc6 54. Ra6+ Kc7 55. Ra5 Kd6 56. Ra6+ Kd7 57. Ra5 Kc6 58. Ra6+ 1/2-1/2


[Site "https://www.chess.com"]

[Event "Titled Tuesday Blitz July 27 2021"]
[White "Kim, Sergey"]
[Black "Vivas Zamora, Fabian Ernesto"]
[WhiteFideId "13700570"]
[BlackFideId "3902480"]
[WhiteElo "2534"]
[BlackElo "1966"]
[Result "1-0"]
[Round "11"]
[TimeControl "180+1"]
[Date "2021.07.27"]
[WhiteClock "0:00:44"]
[BlackClock "0:00:01"]

1. d4 Nf6 2. c4 g6 3. Nc3 d5 4. cxd5 Nxd5 5. e4 Nxc3 6. bxc3 Bg7 7. Bc4 c5 8. Ne2 Nc6 9. Be3 O-O 10. O-O b6 11. Qd2 Bb7 12. Rad1 Na5 13. Bd3 e6 14. Bh6 Qe7 15. Bxg7 Kxg7 16. Qe3 Rad8 17. Qg3 cxd4 18. cxd4 Nc6 19. Bb1 e5 20. d5 Na5 21. f4 Nc4 22. f5 f6 23. h4 Qc5+ 24. Rf2 Qe3 25. Qxe3 Nxe3 26. Rd3 Ng4 27. Rf1 Ba6 28. Rd2 Rc8 29. Bd3 Bxd3 30. Rxd3 Rc2 31. Nc3 Rc8 32. Nb5 Rxa2 33. d6 Rcc2 34. Rg3 Ne3 35. d7 Nxf1 36. d8=Q Nxg3 37. Qe7+ Kh6 38. Kh2 Rxg2+ 39. Kh3 Rh2+ 40. Kxg3 Rag2+ 41. Kf3 Rf2+ 42. Ke3 Re2+ 43. Kd3 Rd2+ 44. Kc4 Rc2+ 45. Kd5 Rc5+ 46. Ke6 Rxb5 47. Qxf6 Rg2 48. Qf8+ Kh5 49. Qe8 h6 50. Qxb5 gxf5 51. Qxe5 1-0


[Site "https://www.chess.com"]

[Event "Titled Tuesday Blitz July 27 2021"]
[White "Koepke, Christian"]
[Black "Jodorcovsky Werjivker, Paulo"]
[WhiteFideId "4655737"]
[BlackFideId "3700305"]
[WhiteElo "2216"]
[BlackElo "2142"]
[Result "1/2-1/2"]
[Round "11"]
[TimeControl "180+1"]
[Date "2021.07.27"]
[WhiteClock "0:00:11"]
[BlackClock "0:01:07"]

1. e4 e5 2. Nc3 Bc5 3. f4 d6 4. Nf3 Nc6 5. Bb5 Nf6 6. fxe5 dxe5 7. Bxc6+ bxc6 8. d3 Bg4 9. Na4 Bb6 10. h3 Bxf3 11. Qxf3 Nd7 12. Bd2 O-O 13. O-O-O Nc5 14. Nxc5 Bxc5 15. Bc3 Bd4 16. Bxd4 Qxd4 17. c3 Qa4 18. Kb1 Rab8 19. Rd2 Rb6 20. Rc1 Rfb8 21. Qd1 Qa3 22. Rcc2 Ra6 23. Kc1 Qxa2 24. Rf2 Qa1+ 25. Kd2 Rxb2 26. Qxa1 Rxc2+ 27. Kxc2 Rxa1 28. Kb3 Rd1 29. Kc4 f6 30. Ra2 Rg1 31. Kc5 Rd1 32. Kc4 Rg1 33. Kc5 Rc1 34. Kc4 Rg1 1/2-1/2


[Site "https://www.chess.com"]

[Event "Titled Tuesday Blitz July 27 2021"]
[White "Koridze, Lile"]
[Black "Dzhaparov, Medet"]
[WhiteFideId "13612514"]
[BlackFideId "13803689"]
[WhiteElo "1978"]
[BlackElo "1702"]
[Result "1-0"]
[Round "11"]
[TimeControl "180+1"]
[Date "2021.07.27"]
[WhiteClock "0:00:16"]
[BlackClock "0:00:02"]

1. d4 Nf6 2. c4 g6 3. Nc3 d5 4. Nf3 Bg7 5. Bg5 Ne4 6. cxd5 Nxg5 7. Nxg5 e6 8. Qd2 exd5 9. Qe3+ Kf8 10. Qf4 Bf6 11. h4 Kg7 12. e4 dxe4 13. Ncxe4 Qxd4 14. Bc4 Bf5 15. Qxc7 Nd7 16. Rd1 Qxb2 17. O-O Rac8 18. Rxd7 Rxc7 19. Rxc7 Rf8 20. Bxf7 Bxe4 21. Bd5+ Be7 22. Rxe7+ Kf6 23. Re6+ Kf5 24. Bxe4+ Kf4 25. g3+ Kg4 26. Bg2 1-0


[Site "https://www.chess.com"]

[Event "Titled Tuesday Blitz July 27 2021"]
[White "Krivonosov, Oleg"]
[Black "Obregon, Andres Carlos"]
[WhiteFideId "11600349"]
[BlackFideId "111724"]
[WhiteElo "2469"]
[BlackElo "2572"]
[Result "0-1"]
[Round "11"]
[TimeControl "180+1"]
[Date "2021.07.27"]
[WhiteClock "0:00:08"]
[BlackClock "0:00:17"]

1. Nf3 Nf6 2. c4 g6 3. Nc3 d6 4. d4 Bg7 5. e4 Nbd7 6. Be2 e5 7. O-O O-O 8. Re1 c6 9. Bf1 Re8 10. d5 cxd5 11. cxd5 Nc5 12. b4 Na6 13. a3 Bd7 14. h3 Rc8 15. Bd2 Nc7 16. Rc1 Na8 17. Qb3 Nb6 18. a4 a6 19. a5 Na8 20. Na4 Rxc1 21. Bxc1 Qc7 22. Bd2 Rc8 23. Rc1 Qd8 24. Rxc8 Qxc8 25. Bd3 Qe8 26. Nc3 Nc7 27. Be3 Nb5 28. Nxb5 Bxb5 29. Nd2 Qc8 30. Qc2 Qxc2 31. Bxc2 Nh5 32. g3 Bf6 33. Kg2 Be7 34. f3 Ng7 35. Kf2 f5 36. g4 f4 37. Bb6 Kf7 38. Bb3 Ke8 39. Nc4 Bh4+ 40. Ke2 Kd7 41. Bf2 Bd8 42. Kd2 Ne8 43. Nb6+ Kc7 44. Nc4 Be7 45. Nb6 h5 46. Nc4 Nf6 47. Bb6+ Kd7 48. Bf2 Nh7 49. gxh5 gxh5 50. h4 Nf8 51. Nb6+ Kd8 52. Bc4 Be8 53. Bf1 Ng6 54. Nc4 Kc7 55. Bb6+ Kb8 56. Bf2 Bb5 57. Ke1 Kc7 58. Bb6+ Kb8 59. Bf2 Nxh4 60. Bxh4 Bxh4+ 61. Kd2 Kc7 62. Kd3 Bf2 63. Bh3 h4 64. Bf5 Be1 0-1


[Site "https://www.chess.com"]

[Event "Titled Tuesday Blitz July 27 2021"]
[White "Kuruppu, Supun Dasantha"]
[Black "Hamley, Ryan"]
[WhiteFideId "9902805"]
[BlackFideId "30959497"]
[WhiteElo "1704"]
[BlackElo "2418"]
[Result "0-1"]
[Round "11"]
[TimeControl "180+1"]
[Date "2021.07.27"]
[WhiteClock "0:00:11"]
[BlackClock "0:00:24"]

1. d4 Nf6 2. Nf3 e6 3. Bf4 d5 4. Nbd2 Bd6 5. Bg3 c5 6. e3 cxd4 7. exd4 Nc6 8. c3 O-O 9. Bd3 b6 10. O-O Bb7 11. Re1 Rc8 12. Ne5 Qc7 13. Ng4 Nd7 14. Qf3 Bxg3 15. hxg3 e5 16. Qxd5 Nxd4 17. Qc4 Qd6 18. Qa4 Nc5 19. Qc4 Nxd3 20. Qxd3 Nf3+ 21. Qxf3 Bxf3 22. Nxf3 f6 23. Rad1 Qe6 24. Ne3 Rfd8 25. Rc1 a5 26. b3 Rc5 27. c4 Rdc8 28. Rcd1 b5 29. Rd2 a4 30. Red1 h6 31. Rd6 Qe8 32. Nf5 bxc4 33. bxc4 Rxc4 34. Rd7 Rc1 35. Rxg7+ Kh8 36. Rxc1 Rxc1+ 37. Kh2 Rc4 38. N3h4 Rxh4+ 39. gxh4 Qe6 40. g4 Qxa2 41. Kg3 Qb3+ 42. f3 a3 43. Rg6 a2 44. Rxh6+ Kg8 45. Rg6+ Kf7 46. Rg7+ Ke6 47. Re7+ Kd5 48. Rd7+ Kc6 49. Rd6+ Kc7 50. Rxf6 a1=Q 51. h5 Qg1+ 52. Kh4 Qxf3 53. Rg6 Qf4 54. h6 Qgh2# 0-1


[Site "https://www.chess.com"]